 Dungeon Crawl Stone Soup version 0.30-a0-900-g23479c02f2 (webtiles) character file.

Game seed: 1298320087393209954

39 Iniera the Conjurer (level 3, 0/16 HPs)
             Began as a Vine Stalker Conjurer on Mar 19, 2023.
             Slain by Terence
             ... wielding a +0 falchion
              (1 damage)
             ... on level 1 of the Dungeon.
             The game lasted 00:01:53 (1262 turns).

Iniera the Conjurer (Vine Stalker Conjurer)         Turns: 1262, Time: 00:01:54

Health: 0/16       AC:  2    Str:  9    XL:     3   Next: 45%
Magic:  0/8        EV: 12    Int: 20    God:
Gold:   79         SH:  0    Dex: 12    Spells: 5/8 levels left

rFire   + . .      SeeInvis .    i - +3 dagger of Xyal Lug {elec, +Blink rPois rF+}
rCold   . . .      Faith    .    (no shield)
rNeg    . . .      Spirit   +    a - +0 robe
rPois   +          Reflect  .    (no helmet)
rElec   .          Rampage  .    (no cloak)
rCorr   .                        (no gloves)
Will    +....                    (no boots)
Stlth   ++                       (no amulet)
HPRegen 0.22/turn                g - ring of willpower
MPRegen 0.11/turn                (no ring)

@: very slightly contaminated
A: fangs 2, magic shield, antimagic bite, no potion heal 2
a: Evoke Blink


You were on level 1 of the Dungeon.
You visited 1 branch of the dungeon, and saw 2 of its levels.

You collected 79 gold pieces.

Inventory:

Hand Weapons
 h - a +0 whip
 i - the +3 dagger of Xyal Lug (weapon) {elec, +Blink rPois rF+}
   (You found it on level 2 of the Dungeon)

   rF:        It protects you from fire.
   rPois:     It protects you from poison.
   +Blink:    It lets you blink.
Armour
 a - a +0 robe (worn)
Jewellery
 g - a ring of willpower (left hand)
Potions
 b - a potion of magic
 c - 2 potions of lignification {unknown}
 d - a potion of heal wounds {unknown}
 e - a potion of attraction {unknown}
 f - 2 potions of invisibility
 j - 2 potions of haste {unknown}


   Skills:
 - Level 1.5 Dodging
 - Level 2.4 Stealth
 * Level 3.4 Spellcasting
 + Level 4.3 Conjurations


You had 5 spell levels left.
You knew the following spells:

 Your Spells              Type           Power      Damage    Failure   Level
a - Magic Dart            Conj           84%        1d7       2%          1
b - Searing Ray           Conj           42%        2d6       3%          2

Your spell library contained the following spells:

 Spells                   Type           Power      Damage    Failure   Level
 Dazzling Flash           Conj/Hex       24%        N/A       17%         3
 Fulminant Prism          Conj/Hex       6%         3d7       50%         4
 Iskenderun's Mystic Bla  Conj/Tloc      12%        2d5       50%         4


Dungeon Overview and Level Annotations

Branches:
Dungeon (2/15)

Altars:

Annotations:
D:1 Terence


Innate Abilities, Weirdness & Mutations

You have extremely sharp teeth.
When hurt, damage is shared between your health and your magic reserves.
Your bite disrupts and absorbs the magic of your enemies.
Potions cannot restore your health.


Message History

Terence the Incautious comes into view.
He is wielding a +0 falchion and wearing a +2 scale mail of cold resistance.
Terence is nearby!
The magic dart hits Terence.
Terence is lightly wounded.
Terence shouts!
The magic dart hits Terence.
Terence is moderately wounded.
A ball python comes into view.
The magic dart hits Terence.
Terence is moderately wounded.
The ball python hisses angrily.
You hear a shout!
A kobold comes into view. It is wielding a +0 whip.
There is a stone staircase leading up here.
Casting: Magic Dart (safe; 2% risk of failure)
Confirm with . or Enter, or press ? or * to list all spells.
Aiming: Searing Ray (safe; 3% risk of failure)
Press: ? - help, Shift-Dir - straight line, f/p - Terence
Aim: Terence, wielding a +0 falchion and wearing a +2 scale mail of cold resistance (moderately wounded, 81% to hit)
You miscast Searing Ray.
You are very lightly contaminated with residual magic.
Nothing appears to happen.
Terence closely misses you.
You climb upwards.
There is a stone staircase leading down here.
You aren't carrying any items that you can evoke.
You barely miss Terence. You bite Terence. You drain his power.
You feel invigorated.
Terence is heavily wounded.
Terence hits you with a +0 falchion!
You hit Terence but do no damage. Your bite misses Terence.
Terence is heavily wounded.
Terence hits you with a +0 falchion!
You barely miss Terence.
Terence is heavily wounded.
Terence hits you with a +0 falchion.
* * * LOW HITPOINT WARNING * * *
You fail to use your ability.
Terence hits you with a +0 falchion.
* * * LOW HITPOINT WARNING * * *
You fail to use your ability.
Terence hits you with a +0 falchion.
You die...

#....# #># ##†..#
####.# #.####....#
############.##
#.......#.#
#.....#..#.#..#
######.##.#
#..#..#..#.##.# #....#
............#)##
######
#..#..#..#.....##
#..........##...######
...#..#....####.@@...#
###############.####.#
#.........###
#.##........#
#.##.###....#
#.##.##.....#
#.##.....#..#
###########.#.##
#.......#...#.#


You could see Terence.

Vanquished Creatures
  3 endoplasms
  2 giant cockroaches
  2 goblins
  8 hobgoblins
  4 quokkas
  3 ball pythons
  6 bats
  2 frilled lizards
  A kobold (D:1)
  4 rats
35 creatures vanquished.

Notes
Turn   | Place    | Note
-------+----------+-------------------------------------------
     0 | D:1      | Iniera the Vine Stalker Conjurer began the quest for the
                  | Orb.
     0 | D:1      | Reached XP level 1. HP: 9/9 MP: 4/4
   233 | D:1      | Reached XP level 2. HP: 7/13 MP: 0/6
   236 | D:1      | Learned a level 2 spell: Searing Ray
   960 | D:2      | Identified the +3 dagger of Xyal Lug {elec, +Blink rPois
                  | rF+}
   968 | D:2      | Reached XP level 3. HP: 15/16 MP: 6/8
  1248 | D:2      | Noticed Terence
  1262 | D:1      | Slain by Terence

Illustrated notes

Levels and vault maps discovered:
D:1:      dpeg_arrival_ternary, layout_basic
D:2:      layout_rooms, uniq_terence

Skill      XL: |  1  2 |
---------------+-------+-----
Spellcasting   | 3 |  3.4
Dodging        | |  1.5
Stealth        | |  2.4
Conjurations   | |  4.3

Action                     || total
---------------------------++-------
  Melee: Unarmed           ||    18
         Dagger            ||     5
         Bite              ||     3
   Cast: Magic Dart        ||    58
         Searing Ray       ||     1
    Use: Scroll            ||     2
 Armour: Robe              ||    11
  Dodge: Dodged            ||    21

Table legend: (Time is in decaauts)
 A = Elapsed time spent in this place.
 B = Non-inter-level travel time spent in this place.
 C = Inter-level travel time spent in this place.
 D = Time resting spent in this place.
 E = Time spent auto-exploring this place.
 F = Levels seen in this place.
 G = Mean time per level.
                   A        B        C        D        E       F      G
               +--------+--------+--------+--------+--------+-----+--------+
         Total |   1260 |   1220 |     40 |      0 |   1019 |   2 |  630.0 |
       Dungeon |   1260 |   1220 |     40 |      0 |   1019 |   2 |  630.0 |
               +--------+--------+--------+--------+--------+-----+--------+

Top non-repeatable levels by time:
     D:1: 951 daAuts
     D:2: 309 daAuts
